Map: Lightshade LE

Players

A.I. 2 (Harder)

  • Race: Terran Terran

rubyjanevil - Winner!

  • Race: Terran Terran

VOD

Have the link to the VOD?

Description

Time

  • Played on: June 10, 2021, 11:14 p.m.
  • Length: 8:55
Show
View Real Time Build Order
Export as new Build Order

A.I. 2 (Harder) Terran 

Build Orders:  

Get SALT Encoding   

  12  0:00  SCV  
  13  0:13  SCV  
  14  0:18  Supply Depot  
  14  0:25  SCV  
  15  0:40  SCV  
  15  0:42  Barracks  
  16  0:47  Refinery  
  16  0:52  SCV  
  17  1:04  SCV  
  18  1:16  SCV  
  19  1:19  Supply Depot  
  19  1:29  SCV, Marine  
  21  1:39  Barracks  
  21  1:42  Orbital Command  
  21  1:47  Refinery, Barracks Tech Lab  
  21  2:02  Factory  
  21  2:06  Marine  
  22  2:18  Supply Depot  
  22  2:23  Marine  
  22  2:26  Marine  
  24  2:41  Marine  
  24  2:43  Marine  
  26  2:45  Hellion  
  26  2:51  Supply Depot  
  28  2:59  Marine  
  28  3:01  Marine  
  30  3:07  Hellion  
  32  3:17  SCV, Marine  
  34  3:24  Supply Depot  
  34  3:28  Hellion  
  34  3:29  SCV  
  37  3:37  Engineering Bay  
  37  3:41  SCV  
  38  3:50  Hellion  
  38  3:53  SCV  
  41  4:05  SCV  
  42  4:11  Hellion  
  44  4:18  SCV  
  45  4:32  Hellion  
  47  4:47  Marauder, Barracks Tech Lab  
  47  4:50  Factory  
  47  4:51  Stimpack  
  49  4:53  Supply Depot  
  49  4:55  Starport  
  49  4:58  Starport, Factory Tech Lab  
  49  5:03  Terran Infantry Weapons Level 1  
  49  5:05  Combat Shield  
  49  5:09  Marauder  
  51  5:17  Marauder  
  53  5:25  Siege Tank  
  53  5:27  SCV  
  55  5:33  Marauder  
  55  5:34  Starport Tech Lab  
  55  5:35  Starport Tech Lab, Factory Tech Lab  
  54  5:39  SCV  
  48  5:45  Marine  
  48  5:49  Command Center  
  37  5:54  Marine  
  38  6:03  Marine  
  37  6:11  Marine  
  37  6:12  SCV  
  37  6:20  Marine  
  37  6:24  SCV, Concussive Shells  
  39  6:29  Marine  
  40  6:36  SCV  
  40  6:38  Marine  
  42  6:41  Siege Tank  
  45  6:49  Siege Tank  
  48  6:56  Marine  
  48  6:57  Terran Infantry Armor Level 1  
  49  7:01  SCV  
  49  7:03  SCV  
  51  7:13  SCV, Cyclone  
  56  7:15  SCV  
  56  7:19  Raven  
  56  7:22  Marine  
  49  7:23  Marine  
  49  7:25  SCV  
  31  7:40  Marine  
  31  7:41  Marine  
  30  7:58  Marine  
  26  7:59  Marine  
Show
View Real Time Build Order
Export as new Build Order

rubyjanevil Terran - Winner!

Build Orders: Mech 

Get SALT Encoding   

  12  0:00  SCV  
  13  0:13  SCV  
  14  0:16  Supply Depot  
  14  0:25  SCV  
  14  0:27  Refinery  
  15  0:38  SCV  
  16  0:45  Barracks  
  16  0:50  SCV  
  16  0:55  Refinery  
  17  1:03  SCV  
  18  1:15  SCV  
  19  1:32  Reaper, Orbital Command  
  20  1:35  Factory  
  20  1:44  Supply Depot  
  20  1:58  SCV  
  21  2:04  Reaper  
  22  2:11  SCV  
  23  2:20  Hellion  
  25  2:23  SCV  
  26  2:30  Command Center  
  26  2:36  SCV  
  27  2:42  Starport  
  27  2:48  Factory Tech Lab  
  27  2:50  SCV  
  28  2:52  Barracks Tech Lab  
  28  2:58  Supply Depot  
  28  3:02  SCV  
  29  3:14  SCV  
  29  3:19  Cyclone  
  33  3:23  Supply Depot  
  33  3:28  Raven  
  33  3:30  SCV  
  33  3:31  Refinery  
  33  3:33  Refinery  
  36  3:42  SCV  
  36  3:43  Orbital Command  
  37  3:57  Siege Tank  
  37  3:58  SCV  
  41  4:10  SCV x2  
  41  4:14  Raven  
  45  4:17  Supply Depot  
  45  4:22  SCV x2  
  47  4:30  Barracks Reactor  
  47  4:31  Siege Tank  
  47  4:34  SCV  
  47  4:35  SCV  
  47  4:37  Supply Depot  
  52  4:43  Supply Depot  
  52  4:46  SCV  
  52  4:48  SCV  
  54  4:59  SCV  
  55  5:00  SCV  
  55  5:04  Supply Depot  
  56  5:07  Siege Tank  
  56  5:11  SCV  
  60  5:17  Viking  
  60  5:18  Factory x2, Viking, Barracks Reactor  
  64  5:22  SCV  
  65  5:31  SCV  
  65  5:35  Supply Depot  
  63  5:50  Viking x2  
  63  5:51  Siege Tank  
  63  5:52  SCV  
  71  5:57  Supply Depot  
  71  5:59  SCV  
  71  6:04  SCV  
  73  6:07  Siege Tank  
  76  6:12  SCV  
  76  6:13  Supply Depot  
  76  6:17  Hellion x2  
  81  6:23  Supply Depot  
  81  6:30  Siege Tank  
  84  6:34  SCV  
  84  6:37  Command Center  
  84  6:39  Siege Tank  
  88  6:48  Hellion x2  
  88  6:51  Supply Depot  
  88  6:53  SCV x2  
  94  6:54  Supply Depot  
  94  7:02  Siege Tank  
  94  7:05  Liberator x2  
  103  7:26  Siege Tank  
  103  7:27  Hellion x2  
  106  7:33  SCV, Armory  
  106  7:35  Armory  
  107  7:41  Siege Tank, Refinery  
  107  7:43  SCV  
  111  7:44  Refinery  
  111  7:48  Supply Depot  
  109  7:53  Engineering Bay  
  109  7:58  SCV x2  
  111  8:02  Siege Tank  
  114  8:10  SCV  
  115  8:13  SCV, Siege Tank  
  115  8:19  Orbital Command  
  119  8:22  Hellion  
  121  8:27  SCV x2, Factory  
  126  8:49  Factory  
  126  8:50  Starport  
Tags
 
Composition
Mech
Matchup
TvT
Race
Terran
Add a new tag
Caveats
  • Supply blocks, unpowered buildings, or Contaminate may cause inaccurate times.
  • Supply counts are checked every 10 seconds.